 Dungeon Crawl Stone Soup version 0.30-a0-605-gb2882149bf (webtiles) character file.

Game seed: 15084114299184633083

16035 Zonian the Fighter (level 12, -19/75 HPs)
             Began as a Vine Stalker Brigand on Jan 7, 2023.
             Was an Elder of Uskayaw.
             Demolished by a phantasmal warrior (20 damage)
             ... led by a death knight
             ... on level 11 of the Dungeon.
             The game lasted 00:22:10 (9524 turns).

Zonian the Fighter (Vine Stalker Brigand)           Turns: 9524, Time: 00:22:11

Health: -19/75     AC: 13    Str: 16    XL:     12   Next: 33%
Magic:  0/15       EV: 11    Int: 11    God:    Uskayaw [****..]
Gold:   524        SH:  0    Dex: 28    Spells: 11/11 levels left

rFire   . . .      SeeInvis +    p - +3 dagger (speed)
rCold   + + .      Faith    .    y - orb {*Rage}
rNeg    . . .      Spirit   +    O - +1 ring mail "Wioquq" {rC++ Str+3 SInv}
rPois   .          Reflect  .    F - +0 helmet
rElec   .          Harm     .    c - +1 cloak
rCorr   .          Rampage  .    E - +0 pair of gloves
Will    ++...      Rage     20%  o - +2 pair of boots
Stlth   +++                      i - amulet of regeneration
HPRegen 1.92/turn                Q - +6 ring of dexterity
MPRegen 0.14/turn                q - ring of willpower

@: mighty, on berserk cooldown, hasted and slowed
A: fangs 3, regeneration 1, magic shield, antimagic bite, no potion heal 2
a: Renounce Religion, Stomp, Line Pass


You were on level 11 of the Dungeon.
You worshipped Uskayaw.
Uskayaw was noncommittal.
You visited 2 branches of the dungeon, and saw 12 of its levels.

You collected 524 gold pieces.

Inventory:

Hand Weapons
 a - a +2 dagger
 l - a +0 short sword of draining
 p - a +3 dagger of speed (weapon)
 K - the +8 mace of Uddojau {flame, Will+ rCorr Int+5 Stlth-}
   (You found it on level 7 of the Dungeon)

   Int:       It affects your intelligence (+5).
   rCorr:     It protects you from acid and corrosion.
   Will:      It increases your willpower.
   Stlth:     It makes you less stealthy.
 L - a +1 dagger of speed
 P - a +5 short sword of freezing
 R - a +1 dagger of venom
Missiles
 d - 24 poisoned darts (quivered)
 e - 3 curare-tipped darts
 x - 4 atropa-tipped darts
 A - 3 throwing nets
Armour
 b - a +0 robe
 c - a +1 cloak (worn)
 f - a +1 robe of fire resistance
 g - a +3 leather armour
 o - a +2 pair of boots (worn)
 s - the +6 chain mail of Guwe {Dex+2 Slay+2}
   (You found it on level 2 of the Dungeon)

   Dex:       It affects your dexterity (+2).
   Slay:      It affects your accuracy & damage with ranged weapons and melee
   (+2).
 y - an orb of wrath (worn)
 E - a +0 pair of gloves (worn)
 F - a +0 helmet (worn)
 O - the +1 ring mail "Wioquq" (worn) {rC++ Str+3 SInv}
   (You found it on level 8 of the Dungeon)

   Str:       It affects your strength (+3).
   rC:        It greatly protects you from cold.
   SInv:      It lets you see invisible.
Jewellery
 i - an amulet of regeneration (around neck)
 k - a ring of fire
 q - a ring of willpower (right hand)
 B - a ring of protection from cold
 Q - a +6 ring of dexterity (left hand)
 W - a +6 ring of strength
Wands
 u - a wand of paralysis (6)
 H - a wand of mindburst (29)
 I - a wand of polymorph (11)
 J - a wand of light (11)
 U - a wand of iceblast (4)
 V - a wand of flame (5)
Scrolls
 h - 3 scrolls of fog
 G - 2 scrolls of magic mapping
 N - 2 scrolls of teleportation
 T - a scroll of amnesia
Potions
 j - 8 potions of curing
 m - 2 potions of brilliance
 n - 3 potions of haste
 r - a potion of mutation {unknown}
 t - 3 potions of flight
 v - a potion of berserk rage {unknown}
 w - 4 potions of attraction
 z - 2 potions of degeneration {unknown}
 C - 2 potions of invisibility
 D - 2 potions of lignification


   Skills:
 + Level 14.9 Fighting
 - Level 10.0 Short Blades
 - Level 2.0 Throwing
 - Level 1.1 Dodging
 - Level 5.5 Stealth
 + Level 2.9 Invocations


You had 11 spell levels left.
You didn't know any spells.
Your spell library contained the following spells:

 Spells                   Type           Power      Damage    Failure   Level
 Apportation              Tloc           0%         N/A       56%         1
 Necrotise                Necr           0%         1d4       56%         1
 Summon Small Mammal      Summ           0%         N/A       56%         1
 Scorch                   Fire           0%         2d5       71%         2
 Kindle Blastsparks       Fire/Tloc/Air  0%         2d10      90%         3
 Flame Wave               Conj/Fire      0%         2d4       100%        4
 Fulminant Prism          Conj/Hex       0%         3d5       100%        4
 Iskenderun's Mystic Bla  Conj/Tloc      0%         2d3       100%        4
 Lee's Rapid Deconstruct  Erth           0%         3d4*      100%        5
 Summon Cactus Giant      Summ           0%         N/A       100%        6


Dungeon Overview and Level Annotations

Branches:
Dungeon (11/15)            Temple (1/1) D:5            Lair (0/5) D:11
    Orc: D:9-12

Altars:
Ashenzari
Dithmenos
Elyvilon
Fedhas
Gozag
Hepliaklqana
Kikubaaqudgha
Nemelex Xobeh
Qazlal
Ru
Trog
Uskayaw
Vehumet
Xom
Yredelemnul
The Shining One

Annotations:
D:5 2 runed translucent doors, Cancer's ghost, novice BaIE
D:10 exclusion: obsidian statue


Innate Abilities, Weirdness & Mutations

You have razor-sharp teeth.
Your natural rate of healing is unusually fast.
When hurt, damage is shared between your health and your magic reserves.
Your bite disrupts and absorbs the magic of your enemies.
Potions cannot restore your health.


Message History

You completely miss the death knight. You bite the death knight.
You drain its power.
You feel invigorated.
The death knight is lightly wounded.
The skeletal warrior closely misses you.
The death knight offers itself to Yredelemnul, and fills with unholy energy.
Okay, then.
Okay, then.
You hit the phantasmal warrior but do no damage.
You hit the phantasmal warrior but do no damage.
You bite the phantasmal warrior.
The phantasmal warrior's magic leaks into the air.
You drain its magic.
You feel invigorated.
The phantasmal warrior is lightly damaged.
You feel very mighty all of a sudden.
The phantasmal warrior hits you but does no damage.
The freezing wraith barely misses you.
The freezing wraith completely misses you.
The skeletal warrior hits you with a +0 scimitar.
The death knight hits you with a +0 battleaxe!
* * * LOW HITPOINT WARNING * * *
Uskayaw links your audience in an emotional bond!
Unknown command.
You hit the phantasmal warrior. You bite the phantasmal warrior.
The phantasmal warrior's magic leaks into the air.
You drain its magic.
You feel invigorated.
The phantasmal warrior is moderately damaged.
The death knight reflects your damage back at you!
* * * LOW HITPOINT WARNING * * *
The freezing wraith hits you!
* * * LOW HITPOINT WARNING * * *
The freezing wraith freezes you! You resist.
* * * LOW HITPOINT WARNING * * *
The freezing wraith hits you. The freezing wraith drains your vigour!
You feel as though you will be slow longer.
The skeletal warrior hits you with a +0 scimitar!
* * * LOW HITPOINT WARNING * * *
The death knight hits you with a +0 battleaxe.
* * * LOW HITPOINT WARNING * * *
The phantasmal warrior hits you!!
You die...

### ### # ..# ##.## 8##
#.# ##...#...#o #.#
###..WW....o. #.#
##.[).@z......
#.#########).#.).p.....o
..........))###...#...#.
......#.##### ##8## 8##
..#...#.# ### #
..##..#.# #.##..#.##
#.##.....# . #.....#..#
.#.


You could see a death knight (reflects damage, pain bonded), a skeletal warrior
(pain bonded), a phantasmal warrior (pain bonded, magic disrupted), a freezing
wraith (pain bonded), an orc warrior (fleeing, pain bonded) and 2 orcs.

Vanquished Creatures
  Gastronok (D:9)
  An ogre mage (D:10)
  Harold (D:10)
  A boulder beetle (D:11)
  4 two-headed ogres (D:10)
  2 manticores
  An elephant (D:11)
  A gargoyle (D:10)
  4 trolls
  A hornet (D:9)
  2 wyverns
  2 shadows
  11 yaks
  2 steam dragons (D:8)
  6 vampire mosquitoes
  A wraith (D:10)
  2 acid dragons
  3 black bears
  3 orc warriors
  4 ogres
  A sky beast (D:6)
  4 centaurs
  2 bullfrogs
  A gnoll sergeant (D:5)
  2 scorpions (D:5)
  21 wights
  18 killer bees
  4 jellies
  8 howler monkeys
  3 hounds
  A gnoll bouda (D:7)
  5 orc priests
  Jessica (D:3)
  3 iguanas
  9 orc wizards
  Natasha (thrice) (D:3)
  15 gnolls
  4 adders
  3 white imps
  An ufetubus (D:7)
  2 worms
  3 dart slugs
  22 orcs
  6 ball pythons
  4 endoplasms
  6 giant cockroaches
  7 hobgoblins
  3 jackals (D:3)
  11 kobolds
  6 quokkas
  10 bats
  4 frilled lizards
  5 goblins
  5 rats
256 creatures vanquished.

Vanquished Creatures (others)
  An orc wizard (D:9)
1 creature vanquished.

Grand Total: 257 creatures vanquished

Notes
Turn   | Place    | Note
-------+----------+-------------------------------------------
     0 | D:1      | Zonian the Vine Stalker Brigand began the quest for the
                  | Orb.
     0 | D:1      | Reached XP level 1. HP: 11/11 MP: 2/2
   112 | D:1      | Reached skill level 1 in Dodging
   112 | D:1      | Reached XP level 2. HP: 15/15 MP: 3/3
   132 | D:1      | Reached skill level 5 in Stealth
   171 | D:1      | Reached skill level 2 in Fighting
   355 | D:1      | Reached XP level 3. HP: 18/18 MP: 4/4
   640 | D:2      | Gained mutation: Your natural rate of healing is unusually
                  | fast. [Vine Stalker growth]
   640 | D:2      | Reached XP level 4. HP: 16/23 MP: 5/5
   830 | D:2      | Identified the +6 chain mail of Guwe {Dex+2 Slay+2}
  1051 | D:3      | Identified the +10 flail of Silly Subterfuge {drain, Dex+5}
  1277 | D:3      | Noticed Natasha
  1279 | D:3      | Found a shadowy altar of Dithmenos.
  1285 | D:3      | Killed Natasha
  1286 | D:3      | Reached skill level 3 in Fighting
  1286 | D:3      | Reached XP level 5. HP: 24/28 MP: 4/6
  1770 | D:3      | Found a faded altar of an unknown god.
  1771 | D:3      | Noticed Natasha
  1783 | D:3      | Killed Natasha
  1789 | D:3      | Found a stormy altar of Qazlal.
  1791 | D:3      | Noticed a water elemental
  1792 | D:3      | Noticed a fire elemental
  1792 | D:3      | Noticed an air elemental
  1878 | D:3      | Found a glowing golden altar of the Shining One.
  1934 | D:3      | Noticed Jessica
  1939 | D:3      | Killed Jessica
  1940 | D:3      | Reached XP level 6. HP: 33/33 MP: 7/7
  1953 | D:3      | Noticed Natasha
  1960 | D:3      | Killed Natasha
  2833 | D:4      | Found an ancient bone altar of Kikubaaqudgha.
  3321 | D:5      | Entered Level 5 of the Dungeon
  3338 | D:5      | Reached skill level 4 in Fighting
  3426 | D:5      | Found a staircase to the Ecumenical Temple.
  3444 | Temple   | Entered the Ecumenical Temple
  3475 | Temple   | Became a worshipper of Uskayaw the Reveller
  3513 | D:5      | Noticed a black bear
  3517 | D:5      | Reached * piety under Uskayaw
  3519 | D:5      | Reached ** piety under Uskayaw
  3521 | D:5      | Killed a black bear
  3521 | D:5      | Reached *** piety under Uskayaw
  3522 | D:5      | Reached XP level 7. HP: 37/38 MP: 8/8
  3750 | D:5      | Reached skill level 5 in Fighting
  3750 | D:5      | Reached skill level 5 in Short Blades
  3751 | D:5      | Reached **** piety under Uskayaw
  3887 | D:5      | Found a large runed translucent door.
  3888 | D:5      | Found a large runed translucent door.
  3894 | D:5      | Noticed Cancer's ghost (novice BaIE)
  4462 | D:6      | Gained mutation: You have razor-sharp teeth. [Vine Stalker
                  | growth]
  4462 | D:6      | Reached XP level 8. HP: 44/44 MP: 9/9
  4475 | D:6      | Reached skill level 6 in Fighting
  4479 | D:6      | Reached ***** piety under Uskayaw
  5204 | D:7      | Reached skill level 7 in Fighting
  5229 | D:7      | Identified the +8 mace of Uddojau {flame, Will+ rCorr Int+5
                  | Stlth-}
  5339 | D:7      | Reached XP level 9. HP: 50/50 MP: 8/10
  5521 | D:7      | Reached skill level 8 in Fighting
  6337 | D:8      | Reached skill level 9 in Fighting
  6337 | D:8      | Reached XP level 10. HP: 58/58 MP: 11/11
  6367 | D:8      | Identified the +1 ring mail "Wioquq" {rC++ Str+3 SInv}
  7429 | D:9      | Noticed Gastronok
  7442 | D:9      | Reached skill level 10 in Fighting
  7442 | D:9      | Reached skill level 10 in Short Blades
  7449 | D:9      | Killed Gastronok
  7450 | D:9      | Reached skill level 11 in Fighting
  7468 | D:9      | Noticed a manticore
  7471 | D:9      | Reached ****** piety under Uskayaw
  7483 | D:9      | Reached XP level 11. HP: 40/65 MP: 10/12
  7497 | D:9      | Killed a manticore
  7770 | D:10     | Entered Level 10 of the Dungeon
  7787 | D:10     | Noticed a two-headed ogre
  7793 | D:10     | Killed a two-headed ogre
  7794 | D:10     | Reached skill level 12 in Fighting
  7932 | D:10     | Noticed an obsidian statue
  7990 | D:10     | Noticed Harold
  8003 | D:10     | Killed Harold
  8327 | D:10     | Noticed a two-headed ogre
  8327 | D:10     | Noticed a two-headed ogre
  8327 | D:10     | Noticed a two-headed ogre
  8328 | D:10     | Noticed an ogre mage
  8334 | D:10     | Killed a two-headed ogre
  8335 | D:10     | Reached skill level 13 in Fighting
  8339 | D:10     | Killed an ogre mage
  8339 | D:10     | Killed a two-headed ogre
  8343 | D:10     | Killed a two-headed ogre
  8586 | D:10     | Reached skill level 14 in Fighting
  8662 | D:11     | Found a staircase to the Lair.
  8683 | D:11     | Reached XP level 12. HP: 74/74 MP: 11/13
  9013 | D:11     | Noticed a death knight
  9116 | D:11     | Noticed a boulder beetle
  9136 | D:11     | Killed a boulder beetle
  9137 | D:11     | Reached skill level 1 in Invocations
  9512 | D:11     | Noticed a two-headed ogre
  9524 | D:11     | HP: 1/75 [death knight/+0 battleaxe (4)]
  9524 | D:11     | Demolished by a phantasmal warrior

Illustrated notes

Levels and vault maps discovered:
D:1:      erik_arrival_blinker_ship, layout_rooms
D:2:      layout_basic
D:3:      minmay_door_path, layout_loops_corners,
          nicolae_qazlal_style_of_elements, nicolae_overflow_ecumenical_swirl,
          mainiacjoe_overflow_boulevard, minmay_fractal_squares_5, uniq_natasha,
          uniq_jessica
D:4:      layout_cave_pools, kiku_gazebo_garden_becter
D:5:      layout_gridville, minmay_temple_entry_waves,
          ebering_ghost_disaster_area, lightli_minifort
D:6:      layout_basic
D:7:      layout_cave_pools, nicolae_concentric_dashed_squares_mild
D:8:      layout_basic, kennysheep_nondescript, david_defended_altar_orc
D:9:      layout_cross, uniq_gastronok
D:10:     minmay_statue_hallways, layout_rooms, uniq_harold
D:11:     minmay_mutant_horseshoe, layout_loops_ring, david_lair_generic,
          david_orc_4, st_stairs_11, grunt_ministairs_11
Temple:   mainiacjoe_temple_coin_purse

Skill      XL: |  1  2  3  4  5  6  7  8  9 10 11 12 |
---------------+-------------------------------------+-----
Dodging        | 1 |  1.1
Short Blades   | 2 3 4 5 7 9 10 | 10.0
Stealth        | 5 |  5.5
Throwing       | 2 |  2.0
Fighting       | 2 3 4 5 7 9 11 14 | 14.9
Invocations    | 2 |  2.9

Action                   |  1- 3 |  4- 6 |  7- 9 | 10-12 || total
-------------------------+-------+-------+-------+-------++-------
Melee: Dagger            |    40 |    76 |   203 |   301 ||   620
       Bite              |    17 |    48 |    57 |   107 ||   229
       Short sword       |    39 |    89 |       |       ||   128
       Punch             |     1 |     2 |       |       ||     3
Throw: Dart              |     4 |       |     2 |     8 ||    14
Evoke: Wand              |       |       |       |     1 ||     1
  Use: Scroll            |       |    16 |     5 |     5 ||    26
       Potion            |       |       |       |     3 ||     3
 Stab: Sleeping          |     6 |       |       |     7 ||    13
       Distracted        |     1 |       |       |       ||     1
       Paralysed         |       |       |    17 |    14 ||    31
       Invisible         |       |       |       |     1 ||     1
Armor: Leather armour    |    43 |     5 |       |       ||    48
       Chain mail        |       |    76 |    73 |     2 ||   151
       Ring mail         |       |       |       |    70 ||    70
Dodge: Dodged            |    49 |    35 |    28 |    84 ||   196

Table legend: (Time is in decaauts)
 A = Elapsed time spent in this place.
 B = Non-inter-level travel time spent in this place.
 C = Inter-level travel time spent in this place.
 D = Time resting spent in this place.
 E = Time spent auto-exploring this place.
 F = Levels seen in this place.
 G = Mean time per level.
                   A        B        C        D        E       F      G
               +--------+--------+--------+--------+--------+-----+--------+
         Total |   9512 |   9286 |    226 |   2364 |   5028 |  12 |  792.7 |
       Dungeon |   9470 |   9253 |    217 |   2364 |   5011 |  11 |  860.9 |
        Temple |     41 |     32 |      9 |      0 |     17 |   1 |   41.0 |
               +--------+--------+--------+--------+--------+-----+--------+

Top non-repeatable levels by time:
     D:8: 1359 daAuts
     D:4: 1177 daAuts
     D:3: 1124 daAuts
    D:10: 971 daAuts
     D:6: 919 daAuts
     D:7: 911 daAuts
     D:5: 908 daAuts
    D:11: 762 daAuts
     D:2: 542 daAuts
     D:1: 472 daAuts
     D:9: 321 daAuts
  Temple: 41 daAuts
